 Dungeon Sprint DCSS version 0.21.1-1-g345015f (webtiles) character file.

428 twistedcrescendo the Basher (level 6, -1/70 HPs)
             Began as a Minotaur Berserker on June 30, 2018.
             Was a Believer of Trog.
             Blown up by Sonja (13 damage)
             ... with a wand of disintegration (16)
             ... in the Dungeon (Sprint I: "Red Sonja").
             The game lasted 00:06:12 (793 turns).

twistedcrescendo the Basher (Minotaur Berserker)     Turns: 793, Time: 00:06:13

Health: -1/70      AC:  4    Str: 22    XL:     6   Next: 65%
Magic:  5/5        EV: 12    Int:  4    God:    Trog [**....]
Gold:   129        SH:  0    Dex: 11    Spells: 5/5 levels left

rFire    . . .     SeeInvis .   m - +1 morningstar (crush)
rCold    . . .     Gourm    .   (no shield)
rNeg     . . .     Faith    .   j - +0 leather armour
rPois    .         Spirit   .   (helmet restricted)
rElec    .         Reflect  .   (no cloak)
rCorr    .         Harm     .   (no gloves)
MR       .....     NoTele   +   l - +0 pair of boots
Stlth    +.........             (no amulet)
HPRegen  0.21/turn              (no ring)
MPRegen  0.09/turn              (no ring)

@: lethally poisoned (-1 -> -14), berserk cooldown, slowed, very slow
A: retaliatory headbutt, horns 2
a: Berserk, Trog's Hand, Burn Spellbooks, Renounce Religion


You were in the Dungeon.
You worshipped Trog.
Trog was pleased with you.
You were very hungry.

You visited 1 branch You collected 297 gold pieces.
You spent 168 gold pieces at shops.

Inventory:

Hand Weapons
 a - a +0 mace
 m - a +1 morningstar of crushing (weapon)
Armour
 b - a +0 animal skin
 j - a +0 leather armour (worn)
 l - a +0 pair of boots (worn)
Scrolls
 i - a scroll of blinking
Potions
 d - a potion of curing
 e - a potion of heal wounds
 f - a potion of haste
 g - 2 potions of magic
 h - a potion of berserk rage
Comestibles
 c - a ration
 k - 5 chunks of flesh


   Skills:
 + Level 12.1 Fighting
 + Level 12.2 Maces & Flails
 - Level 3.1 Armour
 - Level 3.0 Dodging


You had 5 spell levels left.
You didn't know any spells.

Dungeon Overview and Level Annotations

Branches:
Dungeon (1/1)

Altars:
Cheibriados
Dithmenos
Elyvilon
Fedhas
Gozag
Hepliaklqana
Kikubaaqudgha
Nemelex Xobeh
Okawaru
Qazlal
Ru
Sif Muna
Trog
Uskayaw
Vehumet
Wu Jian
Yredelemnul
Zin
The Shining One

Shops:
D (

Annotations:
D Sonja


Innate Abilities, Weirdness & Mutations

You reflexively headbutt those who attack you in melee.
You have a pair of horns on your head.


Message History

Sonja wields an uncursed short sword of distortion.
Its appearance distorts for a moment.
Sonja hits you with an uncursed short sword of distortion.
You feel a strange sense of stasis.
Sonja hits you with an uncursed short sword of distortion.
Space warps horribly around you!
* * * LOW HITPOINT WARNING * * *
Sonja hits you but does no damage. Space bends around you.
* * * LOW HITPOINT WARNING * * *
You completely miss Sonja. Your headbutt misses Sonja.
You are no longer berserk.
You are exhausted.
You feel as though you will be slow longer.
* * * LOW HITPOINT WARNING * * *
You feel sick. Sonja misses you. Sonja hits you but does no damage.
Sonja barely misses you.
You closely miss Sonja.
* * * LOW HITPOINT WARNING * * *
You feel sick.
Sonja zaps a wand.
You are blasted!
You die...

#..#####'#####'#
#..####..#...#(#
#..#__####..##.#
#..#_____##'#_.+
#⌠⌠#_.∩...'..._#
####_..__##_.#+#
#_____###(#
#########(##


+$@$+ #K.$# ##.## #+# You could see Sonja.

Vanquished Creatures
  Sigmund (D)
  A yak (D)
  An ogre (D)
  A jelly (D)
  Ijyb (D)
5 creatures vanquished.

Vanquished Creatures (others)
  A gargoyle (D)
1 creature vanquished.

Grand Total: 6 creatures vanquished

Notes
Turn   | Place    | Note
-------+----------+-------------------------------------------
     0 | D        | twistedcrescendo the Minotaur Berserker began the quest for the Orb.
     0 | D        | Reached XP level 1. HP: 19/19 MP: 0/0
     1 | D        | Noticed Ijyb
    15 | D        | Killed Ijyb
    15 | D        | Reached skill level 5 in Fighting
    15 | D        | Reached skill level 5 in Maces & Flails
    15 | D        | Reached XP level 2. HP: 12/29 MP: 1/1
   202 | D        | Noticed an ogre
   209 | D        | Killed an ogre
   209 | D        | Reached XP level 3. HP: 19/40 MP: 2/2
   209 | D        | Reached XP level 4. HP: 22/48 MP: 3/3
   222 | D        | Killed a gargoyle
   368 | D        | Noticed Sigmund
   378 | D        | Killed Sigmund
   378 | D        | Reached ** piety under Trog
   378 | D        | Reached skill level 10 in Fighting
   378 | D        | Reached skill level 10 in Maces & Flails
   378 | D        | Reached XP level 5. HP: 59/59 MP: 4/4
   486 | D        | Found a deep blue altar of Sif Muna.
   487 | D        | Found an ornate altar of the Wu Jian Council.
   488 | D        | Found a radiant altar of Vehumet.
   494 | D        | Reached XP level 6. HP: 44/68 MP: 5/5
   608 | D        | Found Nepietue's Antique Weapon Emporium.
   608 | D        | Found an ancient bone altar of Kikubaaqudgha.
   608 | D        | Found a hazy altar of Hepliaklqana.
   608 | D        | Found a hide-covered altar of Uskayaw.
   608 | D        | Found a basalt altar of Yredelemnul.
   608 | D        | Found an opulent altar of Gozag.
   608 | D        | Found a snail-covered altar of Cheibriados.
   608 | D        | Found a sacrificial altar of Ru.
   608 | D        | Found a shadowy altar of Dithmenos.
   608 | D        | Noticed a yak
   616 | D        | Killed a yak
   617 | D        | Found a stormy altar of Qazlal.
   617 | D        | Found a blossoming altar of Fedhas.
   617 | D        | Found a bloodstained altar of Trog.
   617 | D        | Found an iron altar of Okawaru.
   617 | D        | Found a glowing golden altar of the Shining One.
   617 | D        | Found a glowing silver altar of Zin.
   617 | D        | Found a white marble altar of Elyvilon.
   620 | D        | Found a sparkling altar of Nemelex Xobeh.
   624 | D        | Bought a glowing morningstar for 168 gold pieces
   785 | D        | Noticed Sonja
   793 | D        | Blown up by Sonja

Skill      XL: |  1  2  3  4  5  6 |
---------------+-------------------+-----
Fighting       | 5 8 10 11 12 | 12.1
Maces & Flails | 5 8 10 11 12 | 12.2
Armour         | 3 |  3.1
Dodging        | 3 |  3.0

Action                   |  1- 3 |  4- 6 || total
-------------------------+-------+-------++-------
Melee: Mace              |    19 |    20 ||    39
       Headbutt          |     5 |     5 ||    10
       Morningstar       |       |     4 ||     4
Invok: Berserk           |       |     3 ||     3
  Eat: Chunk             |       |     1 ||     1
Armor: Animal skin       |     4 |       ||     4
       Leather armour    |       |     1 ||     1
Dodge: Dodged            |    10 |     8 ||    18
